Map: zealot immortal guide

Players

Taurino

  • Race: Protoss Protoss

Spieler 2

  • Race: Zerg Zerg

VOD

Have the link to the VOD?

Description

Time

  • Played on: June 22, 2016, 9:32 a.m.
  • Length: 12:45
Show
View Real Time Build Order
Export as new Build Order

Taurino Protoss 

Build Orders:  

Get SALT Encoding   

  12  0:00  Probe x12 (Chrono Boost)  
  12  0:06  Unknown  
  12  0:07  Probe (Chrono Boost)  
  14  0:24  Probe (Chrono Boost)  
  14  0:35  Pylon  
  15  0:44  Probe (Chrono Boost)  
  15  1:01  Gateway  
  16  1:06  Probe (Chrono Boost)  
  16  1:15  Assimilator  
  16  1:18  Probe (Chrono Boost)  
  17  1:28  Probe (Chrono Boost)  
  19  1:45  Probe (Chrono Boost)  
  19  1:54  Nexus  
  20  2:04  Probe (Chrono Boost)  
  20  2:14  Cybernetics Core  
  21  2:25  Probe (Chrono Boost)  
  21  2:30  Assimilator  
  21  2:35  Probe (Chrono Boost)  
  22  2:38  Pylon  
  22  2:46  Probe (Chrono Boost)  
  23  2:56  Adept (Chrono Boost)  
  23  2:57  Probe (Chrono Boost)  
  23  2:58  Warp Gate  
  25  3:10  Mothership Core (Chrono Boost)  
  27  3:23  Adept (Chrono Boost)  
  27  3:26  Probe  
  29  3:30  Probe  
  31  3:37  Probe  
  32  3:43  Gateway  
  32  3:46  Sentry (Chrono Boost)  
  34  3:49  Probe  
  34  3:50  Probe  
  34  3:54  Gateway  
  36  4:00  Probe (Chrono Boost)  
  36  4:02  Stargate, Probe (Chrono Boost)  
  38  4:12  Probe (Chrono Boost)  
  38  4:13  Probe (Chrono Boost)  
  38  4:16  Assimilator  
  40  4:18  Assimilator  
  40  4:23  Probe (Chrono Boost)  
  40  4:24  Forge  
  41  4:25  Probe (Chrono Boost)  
  42  4:33  Pylon, Probe (Chrono Boost)  
  42  4:36  Probe (Chrono Boost)  
  46  4:38  Sentry  
  46  4:51  Probe x2 (Chrono Boost), Phoenix  
  50  5:02  Probe x2 (Chrono Boost)  
  50  5:06  Protoss Ground Weapons Level 1 (Chrono Boost)  
  52  5:15  Nexus  
  52  5:16  Phoenix  
  54  5:21  Pylon  
  54  5:38  Robotics Facility  
  54  5:39  Probe x2 (Chrono Boost)  
  56  5:49  Adept  
  52  5:50  Probe x2 (Chrono Boost), Adept  
  52  5:55  Twilight Council  
  54  6:00  Probe x2 (Chrono Boost)  
  56  6:09  Probe (Chrono Boost)  
  56  6:11  Probe  
  58  6:12  Phoenix  
  58  6:17  Gateway  
  60  6:18  Gateway  
  60  6:25  Probe  
  60  6:26  Probe  
  60  6:27  Probe  
  60  6:30  Immortal  
  67  6:36  Probe  
  67  6:39  Probe  
  69  6:42  Probe  
  70  6:49  Phoenix  
  70  6:52  Probe  
  73  6:54  Probe  
  73  6:57  Probe, Pylon  
  75  7:03  Probe  
  75  7:06  Probe  
  77  7:14  Probe  
  82  7:16  Charge  
  82  7:17  Pylon x2  
  82  7:19  Pylon  
  82  7:22  Phoenix  
  84  7:29  Pylon  
  84  7:35  Templar Archives  
  84  7:36  Zealot x3  
  90  7:45  Zealot x2  
  95  7:53  Protoss Ground Weapons Level 2 (Chrono Boost)  
  95  7:57  Immortal  
  95  8:33  Probe x2  
  94  8:34  Probe  
  94  8:40  Zealot x3  
  103  8:52  Pylon  
  103  8:55  Gateway  
  103  8:58  Gateway  
  103  8:59  Gateway  
  103  9:03  Gateway  
  103  9:06  Warp Prism  
  105  9:11  Assimilator  
  105  9:13  Nexus  
  105  9:17  Zealot x5  
  115  9:25  Probe  
  116  9:33  Pylon  
  116  9:36  Pylon  
  116  9:39  Pylon  
  116  9:43  Immortal  
  120  9:48  Pylon  
  120  9:49  High Templar x2  
  120  9:51  Pylon  
  120  9:52  High Templar x2  
  126  9:53  High Templar  
  126  9:57  Archon  
  126  9:58  Archon  
  130  10:05  Protoss Ground Weapons Level 3 (Chrono Boost)  
  130  10:09  Gateway  
  130  10:10  Gateway  
  130  10:12  Gateway x2  
  130  10:14  Gateway  
  130  10:19  Gateway  
  130  10:20  Gateway x2  
  130  10:33  Immortal  
  130  10:34  Assimilator  
  134  10:39  Zealot x9  
  152  10:47  Pylon  
  152  10:51  Pylon  
  152  11:16  High Templar x4  
  160  11:18  High Templar  
  160  11:19  High Templar  
  160  11:21  High Templar x2  
  160  11:23  Archon x2  
  160  11:24  Archon  
  168  11:25  Archon  
  168  11:29  Probe  
  169  11:40  Stalker x4  
  169  11:43  Zealot x5  
  185  12:05  Zealot x5  
  193  12:24  Zealot  
  193  12:25  Zealot  
  193  12:29  Pylon  
Show
View Real Time Build Order
Export as new Build Order

Spieler 2 Zerg 

Build Orders: Hatch First 

Get SALT Encoding   

  12  0:00  Overlord, Drone x12  
  12  0:06  Unknown  
  13  0:14  Drone  
  13  0:21  Drone  
  14  0:37  Overlord  
  17  1:02  Drone  
  17  1:03  Drone x2  
  17  1:13  Drone  
  18  1:24  Hatchery  
  17  1:37  Spawning Pool  
  17  1:38  Extractor  
  16  1:52  Drone  
  17  1:57  Drone  
  17  2:10  Overlord  
  17  2:43  Zergling x2  
  17  2:44  Drone  
  19  2:46  Roach Warren, Queen  
  19  2:47  Zergling x2  
  19  2:48  Extractor  
  20  2:54  Drone  
  21  2:58  Baneling Nest  
  21  3:05  Drone  
  21  3:09  Drone  
  22  3:13  Zergling x2  
  22  3:18  Zergling x2  
  24  3:26  Zergling x2  
  25  3:31  Zergling x2  
  26  3:35  Zergling x2  
  26  3:40  Zergling x2  
  28  3:44  Baneling x3  
  29  3:48  Zergling x2  
  29  3:52  Zergling x2  
  30  4:01  Overlord  
  30  4:04  Baneling  
  30  4:08  Drone  
  31  4:13  Drone  
  32  4:18  Drone  
  32  4:23  Drone  
  34  4:28  Drone  
  35  4:32  Drone  
  36  4:40  Evolution Chamber  
  36  4:42  Drone  
  36  5:08  Hatchery  
  35  5:29  Hatchery  
  35  5:33  Drone  
  35  5:36  Drone  
  34  5:46  Baneling  
  28  5:53  Zergling x2  
  27  6:00  Drone, Zergling x2  
  27  6:03  Drone  
  30  6:07  Zergling x2  
  30  6:08  Hatchery  
  30  6:24  Drone  
  31  6:27  Zergling x2  
  32  6:34  Zergling x2  
  33  6:41  Zergling x2  
  34  6:48  Baneling  
  34  6:50  Zergling x2  
  35  7:07  Spore Crawler  
  34  7:12  Spore Crawler  
  34  7:14  Drone  
  34  7:21  Drone  
  35  7:24  Drone  
  35  7:27  Drone  
  37  7:30  Drone  
  37  7:33  Drone  
  37  7:35  Drone  
  40  7:38  Drone  
  45  8:23  Drone  
  45  8:26  Drone  
  45  8:29  Drone  
  45  8:32  Drone  
  45  8:34  Drone  
  45  8:38  Hatchery  
  45  8:44  Drone  
  45  8:46  Drone  
  47  8:49  Drone  
  47  8:52  Drone  
  47  8:55  Drone  
  50  8:58  Drone  
  50  9:02  Overlord  
  51  9:04  Drone  
  51  9:07  Drone  
  54  9:10  Drone  
  54  9:12  Drone  
  55  9:19  Overlord  
  55  9:27  Roach  
  57  9:33  Roach  
  59  9:39  Overlord  
  59  9:46  Evolution Chamber  
  59  9:51  Pneumatized Carapace  
  55  9:57  Overlord, Roach  
  53  10:04  Roach  
  55  10:08  Zerg Melee Weapons Level 1  
  55  10:10  Zergling x2  
  55  10:12  Zerg Ground Armor Level 1  
  56  10:16  Overlord  
  56  10:17  Roach  
  56  10:20  Burrow  
  58  10:23  Roach  
  58  10:25  Spine Crawler  
  59  10:28  Spine Crawler  
  59  10:30  Spore Crawler, Roach  
  59  10:33  Spine Crawler  
  58  10:35  Overlord  
  58  10:36  Spore Crawler, Roach  
  58  10:39  Queen  
  58  10:41  Hatchery  
  60  10:43  Roach  
  60  10:48  Queen  
  64  10:54  Queen  
  66  11:04  Roach  
  66  11:07  Overlord  
  66  11:14  Spine Crawler  
  66  11:17  Spine Crawler  
  62  11:19  Roach  
  64  11:34  Zergling x2  
  64  11:36  Overlord  
  48  11:41  Zergling x2  
  47  11:48  Roach  
  46  11:55  Roach  
  45  12:01  Overlord, Roach  
  45  12:02  Extractor  
  45  12:08  Roach  
  32  12:22  Zergling x2  
  27  12:29  Drone  
  8  12:30  Drone x3  
Tags
 
Add a new tag
Caveats
  • Supply blocks, unpowered buildings, or Contaminate may cause inaccurate times.
  • Supply counts are checked every 10 seconds.